 Dungeon Crawl Stone Soup version 0.27.0-1-g7a089689b8 (webtiles) character file.

Game seed: 15214920710831128939

182 zarnack the Shield-Bearer (level 5, -1/47 HPs)
             Began as a Minotaur Fighter on Aug 10, 2021.
             Slain by a wyvern skeleton (2 damage)
             ... on level 5 of the Dungeon.
             The game lasted 00:02:22 (389 turns).

zarnack the Shield-Bearer (Minotaur Fighter)         Turns: 389, Time: 00:02:25

Health: -1/47      AC:  7    Str: 21    XL:     5   Next: 34%
Magic:  4/4        EV:  8    Int:  5    God:
Gold:   19         SH: 10    Dex: 10    Spells: 4/4 levels left

rFire    . . .     SeeInvis .   a - +0 long sword
rCold    . . .     Faith    .   c - +0 kite shield
rNeg     . . .     Spirit   .   b - +0 scale mail
rPois    .         Reflect  .   (helmet restricted)
rElec    .         Harm     .   (no cloak)
rCorr    .         Rampage  .   (no gloves)
Will     .....                  (no boots)
Stlth    ..........             (no amulet)
HPRegen  0.15/turn              (no ring)
MPRegen  0.09/turn              (no ring)

@: no status effects
A: horns 2, retaliatory headbutt
a: no special abilities


You were on level 5 of the Dungeon.
You visited 1 branch of the dungeon, and saw 5 of its levels.

You collected 19 gold pieces.

Inventory:

Hand Weapons
 a - a +0 long sword (weapon)
Armour
 b - a +0 scale mail (worn)
 c - a +0 kite shield (worn)
Jewellery
 k - a ring of magical power
Scrolls
 e - a scroll of teleportation {unknown}
 f - a scroll of fog {unknown}
 h - a scroll of identify {unknown}
 i - a scroll of noise {unknown}
 j - a scroll of blinking {unknown}


   Skills:
 + Level 4.8 Fighting
 + Level 3.6 Long Blades
 + Level 4.8 Armour
 + Level 0.6 Dodging
 + Level 5.0 Shields


You had 4 spell levels left.
You didn't know any spells.
Your spell library was empty.

Dungeon Overview and Level Annotations

Branches:
Dungeon (5/15)
 Temple: D:4-7

Altars:


Innate Abilities, Weirdness & Mutations

You have a pair of horns on your head.
You reflexively headbutt those who attack you in melee.


Message History

There is an open door here.
There is an open door here.
There is an open door here.
A sky beast comes into view.
A wyvern skeleton comes into view.
You closely miss the sky beast. The sky beast hits you.
The sky beast shocks you. You block the sky beast's attack.
You slash the sky beast!
The sky beast is heavily wounded.
You feel a little less mighty now. The sky beast hits you.
The sky beast shocks you.
* * * LOW HITPOINT WARNING * * *
You hit the sky beast but do no damage.
The sky beast is heavily wounded.
You block the sky beast's attack.
The wyvern skeleton bites you but does no damage.
You block the sky beast's attack.
You slash the sky beast!
The sky beast is almost dead.
The wyvern skeleton closely misses you.
You riposte.
You hit the wyvern skeleton but do no damage.
You headbutt the wyvern skeleton.
The wyvern skeleton is lightly damaged.
The wyvern skeleton bites you.
* * * LOW HITPOINT WARNING * * *
The sky beast closely misses you. You furiously retaliate!
You headbutt the sky beast!
You kill the sky beast!
Your Shields skill increases to level 5!
You have reached level 5!
You hit the wyvern skeleton. You headbutt the wyvern skeleton!
The wyvern skeleton is heavily damaged.
The wyvern skeleton closely misses you. You block the wyvern skeleton's attack.
You slash the wyvern skeleton!
Your headbutt misses the wyvern skeleton.
The wyvern skeleton is almost destroyed.
The wyvern skeleton bites you.
* * * LOW HITPOINT WARNING * * *
The wyvern skeleton bites you.
You die...

..........# ..........+
..........# ..........#
..........# ..........#
......†Z..##
#######@...#
#.....#....#
#.....'....#
#.....#....#
#.....#....#
#...<.#....#
#..####....####
#########'#...........#
#........^#...........#


You could see a wyvern skeleton.

Vanquished Creatures
  A sky beast (D:5)
  A howler monkey (D:5)
  3 gnolls (D:5)
  A shadow imp (D:5)
  A dart slug (D:1)
  4 orcs (D:5)
  A giant cockroach (D:1)
  A goblin (D:1)
  2 hobgoblins (D:1)
  A kobold (D:2)
  A frilled lizard (D:1)
17 creatures vanquished.

Notes
Turn   | Place    | Note
-------+----------+-------------------------------------------
     0 | D:1      | zarnack the Minotaur Fighter began the quest for the Orb.
     0 | D:1      | Reached XP level 1. HP: 19/19 MP: 0/0
    53 | D:1      | Reached XP level 2. HP: 26/27 MP: 1/1
   164 | D:5      | Entered Level 5 of the Dungeon
   165 | D:5      | Noticed a howler monkey
   174 | D:5      | Reached skill level 4 in Shields
   183 | D:5      | Killed a howler monkey
   184 | D:5      | Reached XP level 3. HP: 26/33 MP: 2/2
   250 | D:5      | Reached XP level 4. HP: 16/41 MP: 3/3
   382 | D:5      | Noticed a sky beast
   387 | D:5      | Killed a sky beast
   388 | D:5      | Reached skill level 5 in Shields
   388 | D:5      | Reached XP level 5. HP: 6/47 MP: 4/4
   389 | D:5      | HP: 1/47 [wyvern skeleton (5)]
   389 | D:5      | Slain by a wyvern skeleton

Illustrated notes

Levels and vault maps discovered:
D:1:      dpeg_arrival_rooms_with_view, layout_basic, dk_noncrumbling_4,
          due_unseen_surprise
D:2:      layout_basic, minmay_close_crescents
D:3:      layout_loops_ring
D:4:      layout_basic, grunt_temple_overflow_holy_war,
          minmay_temple_entry_large_hall, uniq_ijyb
D:5:      layout_gridville, fiery_altar_vehumet, zin_angel, uniq_menkaure,
          uniq_edmund

Skill      XL: |  1  2  3  4 |
---------------+-------------+-----
Fighting       | 4 |  4.8
Shields        | 4 5 |  5.0
Armour         | 4 |  4.8
Long Blades    | 3 |  3.6
Dodging        | |  0.6

Action                   |  1- 3 |  4- 6 || total
-------------------------+-------+-------++-------
Melee: Long sword        |    38 |    16 ||    54
       Headbutt          |     6 |     4 ||    10
  Use: Potion            |       |     2 ||     2
Armor: Scale mail        |    19 |     3 ||    22
Dodge: Dodged            |     6 |     7 ||    13
Block: Kite shield       |    26 |     8 ||    34
       Rpst.: Long sword |     2 |     1 ||     3
